 Seeded DCSS version 0.30-a0-634-g8abc852 (webtiles) character file.

Game seed: 8568836632975474132 (custom seed)

98 Ayyar the Charlatan (level 4, -1/37 HPs)
             Began as a Hill Orc Artificer on Sept 27, 2022.
             Was an Initiate of Beogh.
             Slain by a quokka (2 damage)
             ... in a sewer on Jan 13, 2023.
             The game lasted 00:14:15 (2037 turns).

Ayyar the Charlatan (Hill Orc Artificer)            Turns: 2037, Time: 00:14:15

Health: -1/37      AC:  5    Str: 15 (16) XL:     4   Next: 69%
Magic:  4/4        EV: 10    Int:  8 (11) God:    Beogh [......]
Gold:   138        SH:  0    Dex: 11      Spells: 3/3 levels left

rFire   . . .      SeeInvis .    m - +0 whip
rCold   . . .      Faith    .    (no shield)
rNeg    . . .      Spirit   .    j - +0 ring mail
rPois   .          Reflect  .    (no helmet)
rElec   .          Harm     .    g - scarf {+Inv}
rCorr   .          Rampage  .    (no gloves)
Will    .....                    (no boots)
Stlth   +                        (no amulet)
HPRegen 0.26/turn                (no ring)
MPRegen 0.09/turn                (no ring)

@: lethally poisoned (-1 -> -4)
A: no striking features
a: Renounce Religion, Evoke Invisibility


You were in a sewer.
You worshipped Beogh.
Beogh was noncommittal.
You visited 1 branch of the dungeon, and saw 3 of its levels.
You also visited: Sewer.

You collected 138 gold pieces.

Inventory:

Hand Weapons
 m - a +0 whip (weapon)
 n - a +1 short sword of flaming
Missiles
 k - 3 javelins
Armour
 g - a scarf of invisibility (worn)
 j - a +0 ring mail (worn)
Jewellery
 o - a ring of resist corrosion
Wands
 c - a wand of flame (7) (quivered)
 d - a wand of charming (13)
 e - a wand of iceblast (3)
Scrolls
 b - a scroll of fog
 l - 2 scrolls of identify


   Skills:
 + Level 2.5 Fighting
 + Level 1.1 Maces & Flails
 + Level 2.9 Armour
 + Level 1.5 Dodging
 + Level 1.7 Stealth
 + Level 3.4 Evocations


You had 3 spell levels left.
You didn't know any spells.
Your spell library was empty.

Dungeon Overview and Level Annotations

Branches:
Dungeon (3/15)              Sewer (1/1)

Altars:

Annotations:
D:2 Sigmund


Message History

You are poisoned.
The adder poisons you!
The quokka bites you but does no damage.
The giant cockroach bites you but does no damage.
You closely miss the adder.
The adder is almost dead.
You feel sick. The adder misses you.
The quokka bites you but does no damage.
The giant cockroach barely misses you. The adder closely misses you.
The quokka splashes around in the water.
You closely miss the adder.
The adder is almost dead.
You feel sick. The giant cockroach barely misses you.
The adder bites you but does no damage. The quokka bites you.
* * * LOW HITPOINT WARNING * * *
You miss the adder.
The adder is almost dead.
You feel sick. The giant cockroach closely misses you. The adder bites you.
* * * LOW HITPOINT WARNING * * *
The quokka splashes around in the water.
The giant cockroach closely misses you. The adder closely misses you.
You hit the adder but do no damage.
The adder is almost dead.
You feel sick.
You are no longer poisoned.
The quokka splashes around in the water.
The giant cockroach bites you but does no damage.
The adder barely misses you.
You closely miss the adder.
The adder is almost dead.
The quokka barely misses you. The adder bites you.
* * * LOW HITPOINT WARNING * * *
You are lethally poisoned!
The adder poisons you! The giant cockroach barely misses you.
You hit the adder.
You kill the adder!
Beogh accepts your kill.
* * * LOW HITPOINT WARNING * * *
You feel sick. The quokka bites you.
You die...

#.#
#.~≈~≈≈≈≈
###
#†~≈≈~≈≈~
#.~≈~≈~≈~
#.~≈~≈~≈~
#.~≈≈~≈≈~
#.~≈≈~≈≈≈
#.~≈≈~≈≈≈
#.~≈~~≈≈≈
#@~≈~.≈≈≈
#Br≈~.~~~
#.~≈~~..~
#.~≈≈~~~~
#.~~≈≈≈≈≈
#..~~~~~~
##......~
#######


You could see a quokka and a giant cockroach.

Vanquished Creatures
  6 adders
  A worm (D:2)
  A dart slug (D:1)
  An orc (D:3)
  A bat (D:1)
  2 endoplasms (D:1)
  4 giant cockroaches
  3 goblins
  4 hobgoblins
  A jackal (D:1)
  2 kobolds (D:1)
  A quokka (D:1)
  10 ball pythons
  4 frilled lizards (Sewer)
  6 rats
47 creatures vanquished.

Vanquished Creatures (others)
  A jackal (D:1)
  A kobold (D:1)
2 creatures vanquished.

Grand Total: 49 creatures vanquished

Notes
Turn   | Place    | Note
-------+----------+-------------------------------------------
     0 | D:1      | Ayyar the Hill Orc Artificer began the quest for the Orb.
     0 | D:1      | Reached XP level 1. HP: 16/16 MP: 1/1
     0 | D:1      | Upgraded the game from 0.30-a0-162-g2ba88f6 to
                  | 0.30-a0-166-g5d06c95
   267 | D:1      | Reached skill level 1 in Stealth
   332 | D:1      | Reached skill level 1 in Dodging
   332 | D:1      | Reached XP level 2. HP: 21/23 MP: 2/2
   531 | D:1      | Upgraded the game from 0.30-a0-166-g5d06c95 to
                  | 0.30-a0-393-g54b8e3b
   640 | D:1      | Upgraded the game from 0.30-a0-393-g54b8e3b to
                  | 0.30-a0-634-g8abc852
   701 | D:1      | Reached XP level 3. HP: 28/29 MP: 3/3
  1006 | D:2      | Noticed Sigmund
  1303 | D:3      | Became a worshipper of Beogh the Brigand
  1498 | D:3      | Reached XP level 4. HP: 26/36 MP: 4/4
  1502 | D:3      | Found a glowing drain.
  1518 | Sewer    | Entered a sewer
  1861 | Sewer    | Reached skill level 1 in Maces & Flails
  2037 | Sewer    | HP: 1/37 [poisoned by an adder]
  2037 | Sewer    | Slain by a quokka

Illustrated notes

Levels and vault maps discovered:
D:1:      reono_arrival_mine, layout_rooms, minmay_hexomino_f4
D:2:      layout_basic, uniq_natasha, uniq_sigmund
D:3:      layout_loops_cross, mainiacjoe_overflow_chevrons, portal_sewer_entry_e
Sewer:    sewer_frog_island_01

Skill      XL: |  1  2  3  4 |
---------------+-------------+-----
Stealth        | 1 |  1.7
Dodging        | 1 |  1.5
Fighting       | 2 |  2.5
Maces & Flails | 1 |  1.1
Armour         | |  2.9
Evocations     | |  3.4

Action                   |  1- 3 |  4- 6 || total
-------------------------+-------+-------++-------
Melee: Club              |    66 |       ||    66
       Whip              |    36 |   101 ||   137
       Punch             |       |     2 ||     2
Throw: Javelin           |     3 |       ||     3
Invok: Convert to Beogh  |     1 |       ||     1
Evoke: Wand              |    10 |     2 ||    12
  Use: Scroll            |     1 |       ||     1
       Potion            |       |     4 ||     4
 Stab: Sleeping          |     1 |       ||     1
Armor: Leather armour    |     6 |       ||     6
       Ring mail         |    49 |    74 ||   123
       Skin              |       |    21 ||    21
Dodge: Dodged            |    87 |    78 ||   165

Table legend: (Time is in decaauts)
 A = Elapsed time spent in this place.
 B = Non-inter-level travel time spent in this place.
 C = Inter-level travel time spent in this place.
 D = Time resting spent in this place.
 E = Time spent auto-exploring this place.
 F = Levels seen in this place.
 G = Mean time per level.
                   A        B        C        D        E       F      G
               +--------+--------+--------+--------+--------+-----+--------+
         Total |   2085 |   2073 |     12 |    534 |    621 |   4 |  521.2 |
       Dungeon |   1543 |   1531 |     12 |    203 |    600 |   3 |  514.3 |
         Sewer |    542 |    542 |      0 |    331 |     21 |   1 |  542.0 |
               +--------+--------+--------+--------+--------+-----+--------+

Top non-repeatable levels by time:
     D:1: 1016 daAuts
   Sewer: 542 daAuts
     D:3: 305 daAuts
     D:2: 221 daAuts
